[Event "*** SCC Grand Prix: Titled Tuesday Blitz"]
[Site "Chess.com"]
[Date "2020.06.09"]
[Round "2"]
[White "anastasiyakarlovych"]
[Black "Kislov_Oleg"]
[Result "0-1"]
[WhiteElo "1952"]
[BlackElo "2392"]
[TimeControl "180+1"]
[EndTime "9:18:51 PDT"]
[Termination "Kislov_Oleg won by resignation"]

1. e4 e6 2. d4 d5 3. e5 c5 4.
dxc5 Nc6 5. Nf3 Bxc5 6. Bd3 Nge7 7. Bf4 h6 8. Nbd2 Qb6 9. O-O Qxb2 10. Nb3 Qa3 11. c4 Qb4 12. Bd2 Qb6 13. Nxc5 Qxc5 14. Rc1 d4 15. Re1 b6 16. Bf4 Bb7 17. Nd2 Nb4 18. Ne4 Bxe4 19. Bxe4 Rd8 20. Qg4 g6 21. Qh4 Nf5 22. Qf6 Rg8 23. Bxf5 gxf5 24. Red1 Rg6 25. Qh8+ Ke7 26. Qh7 Rdg8 27. g3 Qc8 28. Bxh6 Rh8 29.
Qg7 Rxg7 30. Bxg7 Re8 31. Bf6+ Kd7 32. Rxd4+ Kc7 33. c5 Nc6 34. cxb6+ axb6 35. Rd6 Kb7 36. Rcxc6 Qxc6 37. Rxc6 Kxc6 38. h4 Ra8 39. h5 Rxa2 40. h6 b5 41. h7 Ra8 42. h8=Q Rxh8 43. Bxh8 b4 44. Bf6 b3 45. g4 b2 46. gxf5 b1=Q+ 47. Kg2 Qxf5 0-1

[Event "*** SCC Grand Prix: Titled Tuesday Blitz"]
[Site "Chess.com"]
[Date "2020.06.09"]
[Round "2"]
[White "Indianlad"]
[Black "BogdanBelyakov89"]
[Result "1/2-1/2"]
[WhiteElo "2983"]
[BlackElo "2618"]
[TimeControl "180+1"]
[EndTime "9:18:53 PDT"]
[Termination "Game drawn by repetition"]

1. e4 e5 2. Nf3 Nc6 3. Bb5 Nf6 4. O-O Nxe4 5. d4 Nd6 6. dxe5 Nxb5 7. a4 Nbd4 8. Nxd4 Nxd4 9. Qxd4 d5 10. exd6 Qxd6 11.
Qe4+ Qe6 12. Qd4 Qd6 13. Qe3+ Be7 14. Nc3 c6 15. Re1 Be6 16. Ne4 Qe5 17. Bd2 O-O 18. Bc3 Qf5 19. Ng3 Qg6 20. Rad1 Bf6 21. Bxf6 Qxf6 22. Nh5 Qg6 23. Nf4 Qxc2 24. Nxe6 fxe6 25. b3 Rf7 26. Rd2 Qf5 27. Red1 h6 28. h3 a6 29. Re1 Re8 30. Rd4 e5 31. Re4 Rfe7 32. f4 Re6 33. fxe5 Kh8 34. a5 Qg6 35. b4 Qf5 36.
Qg3 Kh7 37. Rf4 Qg6 38. Rg4 Qf7 39. h4 Qd7 40. Kh2 Rxe5 41. Rxe5 Rxe5 42. Rf4 Re7 43. Qf3 Qd6 44. Kh3 Qe6+ 45. Kh2 Qe5 46. Kh3 Qe6+ 47. Kh2 Qd6 48. Qg3 Qe6 49. Qd3+ Qg6 50. Qf3 Qd6 1/2-1/2

[Event "*** SCC Grand Prix: Titled Tuesday Blitz"]
[Site "Chess.com"]
[Date "2020.06.09"]
[Round "2"]
[White "gm_rashid"]
[Black "KNVB"]
[Result "0-1"]
[WhiteElo "2355"]
[BlackElo "2698"]
[TimeControl "180+1"]
[EndTime "9:18:53 PDT"]
[Termination "KNVB won on time"]

1. e4 b6 2. d4 Bb7 3. Nc3 e6 4. Nf3 Bb4 5. Bd3 Nf6 6. Bg5 h6 7. Bxf6 Bxc3+ 8. bxc3 Qxf6 9. O-O d6 10. Nd2 Nd7 11.
f4 Qe7 12. Qe2 e5 13. fxe5 dxe5 14. Rae1 Nf6 15. Nc4 exd4 16. cxd4 O-O-O 17. c3 Rhe8 18. Ne5 Kb8 19. Bb5 Rf8 20. Nc6+ Bxc6 21. Bxc6 Qd6 22.
Ba4 Qa3 23. Bb3 Qa5 24. e5 Nd5 25. c4 Nb4 26. d5 Na6 27. Qg4 Nc5 28. Qxg7 Nd3 29.
Re2 Rg8 30. Qxf7 Qc5+ 31. Kh1 Rdf8 32. e6 Rxf7 33. exf7 Rf8 34. Re8+ Kb7 35. g3 Nf2+ 36. Kg2 Ng4 37. Rf3 h5 38. Ba4 Ka6 39. Bb5+ Ka5 40. Re2 Nh6 41. Ree3 a6 42. Ra3+ Qxa3 43. Rxa3+ Kb4 44.
Rb3+ Kc5 0-1

[Event "*** SCC Grand Prix: Titled Tuesday Blitz"]
[Site "Chess.com"]
[Date "2020.06.09"]
[Round "2"]
[White "Lubov_Gordyk"]
[Black "David_Paravyan"]
[Result "1-0"]
[WhiteElo "2628"]
[BlackElo "2981"]
[TimeControl "180+1"]
[EndTime "9:18:54 PDT"]
[Termination "Lubov_Gordyk won by resignation"]

1. e4 c5 2. g3 Nc6 3. Bg2 e6 4. Ne2 h5 5. h3 Nf6 6. f4 d5 7. e5 Ng8 8. O-O Nh6 9. d3 Be7 10. c4 Nf5 11. Nbc3 Ncd4 12. Kh2 dxc4 13.
dxc4 Bd7 14. Bxb7 Rb8 15. Bg2 Qc7 16. Ne4 Bc6 17. Nxd4 cxd4 18. b3 Kf8 19. Qd3 Qb7 20.
Bd2 Bb4 21. Bxb4+ Qxb4 22. Rad1 Rd8 23. Rfe1 Rd7 24. Nd6 Bxg2 25. Nxf5 Ba8 26. Nxd4 Qb7 27. Rd2 Kg8 28. c5 Qd5 29. Rc1 Rh6 30. c6 Rc7 31.
Nf5 Rg6 32. Qxd5 exd5 33. Rxd5 Kh7 34. Nd4 a5 35. Rd7 Rc8 36. c7 Bb7 37. Rd8 Rb6 38. Rxc8 Bxc8 39. Nc6 a4 40. Ne7 Bb7 41. Rc3 axb3 42. Rxb3 Ra6 43. Rxb7 Rxa2+ 44. Kg1 Ra1+ 45. Kf2 Ra2+ 46. Ke3 Ra3+ 47. Kd4 Ra4+ 48. Kd5 Ra5+ 49. Kd6 Ra6+ 50. Kd7 1-0

[Event "*** SCC Grand Prix: Titled Tuesday Blitz"]
[Site "Chess.com"]
[Date "2020.06.09"]
[Round "2"]
[White "Sanyura"]
[Black "Man-Chuk"]
[Result "0-1"]
[WhiteElo "2515"]
[BlackElo "2759"]
[TimeControl "180+1"]
[EndTime "9:18:54 PDT"]
[Termination "Man-Chuk won by resignation"]

1. e4 e5 2. Nf3 Nc6 3. Bb5 Nf6 4. O-O Nxe4 5. Bxc6 dxc6 6. d4 Be7 7. Nxe5 O-O 8. Re1 Nf6 9. Nc3 Be6 10. Bg5 h6 11. Bh4 Re8 12. Qd3 Nd7 13. Bg3 Nb6 14. Rad1 Nd5 15. Nxd5 cxd5 16. Qb3 Qc8 17. h3 Bf8 18. Nd3 c6 19. Nc5 b6 20. Nd3 c5 21. dxc5 bxc5 22. Nf4 d4 23. Nxe6 Rxe6 24. c3 c4 25. Qa4 d3 26. b3 Rxe1+ 27. Rxe1 cxb3 28. Qxb3 Qd7 29. Rd1 Rd8 30. c4 Bc5 31. Kh2 h5 32. h4 Qf5 33. Qb5 g6 34. Qc6 Bxf2 35. Qc7 Bxg3+ 36. Qxg3 Rd4 37. Qe3 Rxh4+ 38. Kg1 Re4 39. Qxd3 Re1+ 40. Kh2 Qf4+ 41. Kh3 Qg4+ 42. Kh2 Qh4+ 0-1

[Event "*** SCC Grand Prix: Titled Tuesday Blitz"]
[Site "Chess.com"]
[Date "2020.06.09"]
[Round "2"]
[White "pooh2012"]
[Black "Yoshikrov"]
[Result "1-0"]
[WhiteElo "2411"]
[BlackElo "2100"]
[TimeControl "180+1"]
[EndTime "9:18:54 PDT"]
[Termination "pooh2012 won by resignation"]

1. Nf3 d5 2. g3 Nf6 3. Bg2 g6 4. O-O Bg7 5. b3 O-O 6. Bb2 c5 7. e3 Nc6 8. d4 cxd4 9. Nxd4 Nxd4 10. exd4 e6 11. c4 b6 12. Nd2 Ba6 13. Re1 Rc8 14. Rc1 dxc4 15. bxc4 Qd7 16. Qb3 Rfd8 17. Qa3 Bb7 18.
Qxa7 Bxg2 19. Qxd7 Rxd7 20. Kxg2 Ne8 21. Nb3 Nd6 22.
c5 bxc5 23. Rxc5 Rxc5 24. Nxc5 Rd8 25. a4 Nf5 26. a5 Bxd4 27. Bxd4 Rxd4 28. a6 Rd8 29.
Rb1 Ra8 30. Rb7 Nd4 31. Rc7 Nb5 32. Rb7 Nd6 33. Rd7 Nb5 34. Rd3 Kg7 35. Rb3 Nc7 36. Rb6 Nd5 37. Rd6 Kf6 38. f4 h5 39. Kf3 Nc7 40.
Rc6 Nd5 41. Ke4 Nc3+ 42. Kd3 Nd5 43. Kc4 Ke7 44. Kb5 Rb8+ 45. Nb7 Kd7 46. Rc4 Nc7+ 47. Kb6 Nd5+ 48. Ka7 Re8 49. Nc5+ Kd6 50. Ne4+ Kd7 51. Kb7 Ne3 52. Rd4+ Ke7 53. a7 1-0

[Event "*** SCC Grand Prix: Titled Tuesday Blitz"]
[Site "Chess.com"]
[Date "2020.06.09"]
[Round "2"]
[White "Smile2005"]
[Black "Pavel_Mir"]
[Result "1-0"]
[WhiteElo "2507"]
[BlackElo "2296"]
[TimeControl "180+1"]
[EndTime "9:18:55 PDT"]
[Termination "Smile2005 won by checkmate"]

1. Nf3 d5 2. g3 g6 3. Bg2 Bg7 4. O-O e5 5. d3 Ne7 6. e4 O-O 7. exd5 Nxd5 8. Re1 Re8 9. Nc3 Nxc3 10. bxc3 c6 11. Nd2 Na6 12. Nc4 f6 13. a4 Be6 14.
Ba3 Bxc4 15. dxc4 Qa5 16. Qd7 Qc7 17. Red1 Rad8 18. Qxc7 Nxc7 19. Rdb1 Rb8 20. Bd6 Rec8 21. Bh3 f5 22. g4 Bf8 23. Bxe5 Bg7 24. Bd6 Bf8 25.
Bg3 g5 26. gxf5 h5 27. f3 h4 28. Be5 Bc5+ 29. Kg2 Re8 30. Bxc7 Re2+ 31. Kh1 Rc8 32.
Rxb7 Rxc2 33. Bg4 Re8 34. f6 Ree2 35. f4 Re4 36. Bf5 Ree2 37. Bxc2 Rxc2 38. fxg5 h3 39. Rf1 Kf7 40. g6+ Kxg6 41. f7 Bd6 42. Bxd6 Rd2 43. f8=Q Rg2 44. Qg8+ Kh6 45. Rh7# 1-0

[Event "*** SCC Grand Prix: Titled Tuesday Blitz"]
[Site "Chess.com"]
[Date "2020.06.09"]
[Round "2"]
[White "renehp"]
[Black "Azoulas1"]
[Result "1-0"]
[WhiteElo "2393"]
[BlackElo "1970"]
[TimeControl "180+1"]
[EndTime "9:18:56 PDT"]
[Termination "renehp won on time"]

1. e4 c5 2. Nf3 e6 3. d4 cxd4 4. Nxd4 Nf6 5. Nc3 d6 6. Be3 a6 7. f3 Nbd7 8. Qd2 b5 9. g4 Nb6 10. a4 b4 11. Na2 d5 12. g5 Nfd7 13. a5 Nc4 14. Bxc4 dxc4 15. Nxb4 Qc7 16. c3 Bb7 17. O-O Rd8 18. Rad1 Nc5 19. Qg2 Bd6 20. Rf2 O-O 21. Rfd2 Bf4 22. Bxf4 Qxf4 23. Qg3 Qe3+ 24. Kh1 Nxe4 25. fxe4 Bxe4+ 26. Rg2 Bxg2+ 27. Kxg2 Qe4+ 28. Qf3 Qg6 29. h4 e5 30. Ndc6 Rde8 31. Nd5 Qc2+ 32. Kg1 e4 33. Qg4 Qxb2 34. Nf6+ Kh8 35. Nxe8 Rxe8 36. Qd7 Rf8 37. Qxf7 Rg8 38. Ne7 Rb8 39. Qd5 1-0

[Event "*** SCC Grand Prix: Titled Tuesday Blitz"]
[Site "Chess.com"]
[Date "2020.06.09"]
[Round "2"]
[White "PlayChessSimple"]
[Black "chessdjw"]
[Result "1/2-1/2"]
[WhiteElo "2497"]
[BlackElo "2729"]
[TimeControl "180+1"]
[EndTime "9:18:57 PDT"]
[Termination "Game drawn by repetition"]

1. e4 e5 2. Nf3 Nc6 3. Nc3 Nf6 4. Bb5 Bc5 5. O-O O-O 6. Nxe5 Nxe5 7. d4 Bd6 8. f4 Neg4 9. e5 Bb4 10. h3 d6 11.
exf6 Nxf6 12. f5 Bxc3 13. bxc3 a6 14. Bd3 Re8 15. Bg5 Bd7 16. Qd2 Qe7 17. Rae1 Qf8 18. Bxf6 gxf6 19. Be4 Rab8 20. Rf4 Kh8 21. Ref1 Qh6 22.
Qf2 Bb5 23. Rd1 Bc4 24. Rh4 Qf8 25. Qf4 Bxa2 26. Rd3 d5 27. Bf3 Bc4 28. Rd1 Re7 29. Rh6 Qg7 30. Qh4 Be2 31. Bxe2 Rxe2 32. g4 Rbe8 33.
Qxf6 Qxf6 34. Rxf6 Kg7 35. g5 Rxc2 36. Rh6 Re3 37.
f6+ Kg8 38. Rf1 Rg3+ 39. Kh1 Rxg5 40. Re1 Kh8 41. Rh5 Rg8 42. Rxd5 Rxc3 43. Kh2 Rc2+ 44. Kh1 Rc3 45. Kh2 Rcg3 46. Rd7 Rg2+ 47. Kh1 R2g3 48.
Kh2 Rg2+ 49. Kh1 Rf2 50. Rxf7 Rf3 51. Kh2 Rf2+ 52. Kh1 Rf3 53. Kh2 Rf2+ 54. Kh1 1/2-1/2

[Event "*** SCC Grand Prix: Titled Tuesday Blitz"]
[Site "Chess.com"]
[Date "2020.06.09"]
[Round "2"]
[White "QuintilianoR"]
[Black "Quiet_Desperation"]
[Result "1-0"]
[WhiteElo "2638"]
[BlackElo "1904"]
[TimeControl "180+1"]
[EndTime "9:18:57 PDT"]
[Termination "QuintilianoR won on time"]

1. d4 Nf6 2. Nf3 e6 3. Bf4 b6 4. e3 Bb7 5. Bd3 c5 6. O-O d6 7. h3 Be7 8. c3 O-O 9. Nbd2 Nc6 10. Bh2 Re8 11. Re1 Bf8 12. e4 e5 13. d5 Ne7 14. a4 Ng6 15. Nc4 a6 16. Qb3 Nd7 17.
Ne3 Rb8 18. Qc2 Nf6 19. Nd2 Nh5 20. Bf1 Bc8 21. Reb1 Nhf4 22. Ndc4 b5 23. axb5 axb5 24. Na5 Qg5 25. Kh1 h5 26. Nc6 Rb7 27. Ra5 c4 28. b3 cxb3 29. Rxb3 Bd7 30. Raxb5 Rxb5 31. Rxb5 Ra8 32.
Rb7 Bxh3 33. gxh3 Ra1 34. Rb1 Rxb1 35. Qxb1 Nh4 36. Qd1 g6 37. Bg3 f5 38. exf5 gxf5 39.
Bxh4 Qxh4 40. Qf3 Qf6 41. c4 Kh7 42. Qg3 Bh6 43. Ng2 Ng6 44. Qf3 e4 45. Qxh5 f4 46. Qg4 Qa1 47. Qd7+ Bg7 48. Kg1 f3 49. Ne3 Nf4 50. Qf5+ Ng6 51. Qh5+ Bh6 52. Nf5 1-0

[Event "*** SCC Grand Prix: Titled Tuesday Blitz"]
[Site "Chess.com"]
[Date "2020.06.09"]
[Round "2"]
[White "malandragem"]
[Black "RusPakhom"]
[Result "1/2-1/2"]
[WhiteElo "2464"]
[BlackElo "2294"]
[TimeControl "180+1"]
[EndTime "9:18:58 PDT"]
[Termination "Game drawn by repetition"]

1. a3 c5 2. e4 g6 3. b4 Bg7 4. Nc3 cxb4 5. axb4 d6 6. g3 Nf6 7. Bg2 O-O 8. Nge2 Nbd7 9. O-O Nb6 10. d3 Bd7 11. Be3 a6 12. Rb1 Rc8 13. Nd5 Nbxd5 14.
exd5 Qc7 15. c4 Ng4 16. Bd4 Ne5 17. h3 Bf5 18. Bxe5 Bxe5 19. f4 Bg7 20. g4 Bd7 21. f5 b5 22. Rc1 bxc4 23. dxc4 Qb6+ 24. Kh1 Qxb4 25. Qd3 Rc5 26. Nd4 Bxd4 27. Qxd4 Rfc8 28. fxg6 hxg6 29. Rf4 e5 30. dxe6 Bxe6 31. Qxd6 a5 32. Bf1 Bxc4 33. Bxc4 Rxc4 34. Rcxc4 Qxd6 35. Rxc8+ Kg7 36. Rcc4 Qd1+ 37. Kg2 Qe2+ 38. Kg3 Qe1+ 39. Kg2 Qe2+ 40. Kg3 Qe5 41. Kf3 Qd5+ 42. Kg3 Qd6 43. h4 Qe5 44. g5 Qe1+ 45. Kg2 Qe2+ 46. Kg3 Qe1+ 47. Kg2 Qe2+ 48. Kg3 Qe1+ 1/2-1/2

[Event "*** SCC Grand Prix: Titled Tuesday Blitz"]
[Site "Chess.com"]
[Date "2020.06.09"]
[Round "2"]
[White "albi1999"]
[Black "mjray79"]
[Result "1-0"]
[WhiteElo "2549"]
[BlackElo "2314"]
[TimeControl "180+1"]
[EndTime "9:18:59 PDT"]
[Termination "albi1999 won by checkmate"]

1. e4 e5 2. Nf3 Nc6 3. Bb5 a6 4. Ba4 Nf6 5. O-O Be7 6. d3 b5 7. Bb3 d6 8. a4 Rb8 9. h3 O-O 10. Nc3 b4 11. Nd5 Na5 12. Nxf6+ Bxf6 13. Ba2 g6 14. Be3 Bg7 15. Qd2 c5 16. Bd5 Be6 17.
Bxe6 fxe6 18. Qe2 Qe7 19. b3 d5 20. Rae1 Nc6 21. Qd2 Nd4 22. Bxd4 cxd4 23. exd5 Rxf3 24. gxf3 exd5 25. f4 Qh4 26. fxe5 Qxh3 27. f4 Bh6 28. Qg2 Qf5 29. Qxd5+ Kh8 30. Qe4 Qg4+ 31. Qg2 Qf5 32. e6 Re8 33. Re5 Qf6 34. Qe4 g5 35. fxg5 Qg7 36.
Qf5 Rg8 37. e7 Bxg5 38. Qxg5 Qxe5 39. Qxg8+ Kxg8 40. Rf8+ Kg7 41. e8=Q Qg3+ 42. Kf1 Qh3+ 43. Ke1 Qg3+ 44. Kd1 Qg1+ 45. Ke2 Qg2+ 46. Rf2 Qg4+ 47. Kd2 Qg5+ 48. Kd1 Qg1+ 49. Qe1 Qg4+ 50. Re2 h5 51. Qxb4 Qg1+ 52. Qe1 Qg4 53. Kc1 h4 54. Kb1 h3 55.
Re4 Qg2 56. Re7+ Kg6 57. Qe6+ Kh5 58. Rh7+ Kg5 59. Rg7+ Kf4 60. Qf6+ Ke3 61. Rxg2 hxg2 62. Qg5+ Kf2 63. b4 g1=Q+ 64. Qxg1+ Kxg1 65. b5 axb5 66. axb5 Kf2 67. b6 Ke2 68. b7 Kd2 69. b8=Q Kc3 70. Qe5 Kd2 71. Qxd4 Kd1 72. Qf4 Ke2 73. d4 Ke1 74.
Qh2 Kd1 75. c4 Ke1 76. Kc2 Kf1 77. Kd3 Ke1 78. Qg1# 1-0

[Event "*** SCC Grand Prix: Titled Tuesday Blitz"]
[Site "Chess.com"]
[Date "2020.06.09"]
[Round "2"]
[White "Papa12341234"]
[Black "GM_dmitrij"]
[Result "0-1"]
[WhiteElo "2604"]
[BlackElo "2971"]
[TimeControl "180+1"]
[EndTime "9:19:00 PDT"]
[Termination "GM_dmitrij won by resignation"]

1. e4 e5 2. Nf3 Nc6 3. Bc4 Nf6 4.
d3 Bc5 5. c3 O-O 6. Nbd2 d6 7.
Bb3 a5 8. O-O Be6 9. h3 h6 10.
Re1 Re8 11. Nf1 Bxb3 12. axb3 d5 13. Qe2 Qd7 14. Ng3 Rad8 15. Nf5 Bf8 16. Nh2 Qe6 17.
Ng4 Nxg4 18. Qxg4 Kh7 19. Qh4 dxe4 20. dxe4 Qxb3 21. g4 Rd1 22. Be3 Rxa1 23. Rxa1 Qe6 24. g5 b6 25. Kh2 Ne7 26. gxh6 g6 27. Nxe7 Bxe7 28. Qg3 Rd8 29. h4 Bf8 30. Rg1 Rd7 31. h5 a4 32. hxg6+ fxg6 33. Qf3 Rf7 34. Qe2 c6 35. Bxb6 Bxh6 36. Be3 Bf4+ 37. Kg2 Qf6 38. Rh1+ Kg7 39. Rh3 Qg5+ 40. Kh1 Bxe3 41. Qxe3 Qxe3 42. fxe3 Rf2 43. Rh2 Rxh2+ 44. Kxh2 Kh6 45. Kg3 Kh5 46. Kh3 g5 47. Kg3 g4 48. Kg2 Kh4 49. Kh2 g3+ 50.
Kg2 Kg4 51. c4 c5 52. Kg1 Kf3 53. Kf1 Kxe3 54. Kg2 Kf4 55. Kg1 Kf3 56. Kf1 Kxe4 57.
Kg2 Kf4 58. Kh3 Kf3 59. Kh4 g2 0-1

[Event "*** SCC Grand Prix: Titled Tuesday Blitz"]
[Site "Chess.com"]
[Date "2020.06.09"]
[Round "2"]
[White "ChronicUnhappiness"]
[Black "ClassyEl"]
[Result "1-0"]
[WhiteElo "2323"]
[BlackElo "2519"]
[TimeControl "180+1"]
[EndTime "9:19:01 PDT"]
[Termination "ChronicUnhappiness won by resignation"]

1. c4 c6 2. Nf3 d5 3. e3 Nf6 4. Nc3 a6 5. b3 Bf5 6. Bb2 e6 7. d4 h6 8. Bd3 Ne4 9. Qc2 Bb4 10.
O-O Nd6 11. a3 Bxc3 12. Qxc3 O-O 13. Ne5 Nd7 14. Rad1 Rc8 15. c5 Nxe5 16. dxe5 Bxd3 17. Qxd3 Ne4 18. b4 a5 19. f3 Ng5 20. h4 Nh7 21. Qd4 Ra8 22. Qg4 Qe7 23. f4 axb4 24.
axb4 Ra2 25. Bd4 Rfa8 26. f5 exf5 27. Rxf5 Nf8 28. Rdf1 Qe6 29. Qf3 Ng6 30. Rxf7 Nxh4 31. Rf8+ Rxf8 32. Qxf8+ Kh7 33. Rf2 Rxf2 34. Kxf2 Qg4 35.
g3 Qf5+ 36. Qxf5+ Nxf5 37. Kf3 h5 38. g4 hxg4+ 39. Kxg4 Kg6 40. Kf4 Ne7 41. e6 Nf5 42. Ke5 Ne7 43. Kd6 Nf5+ 44. Kc7 Kh5 45. Bxg7 Nxg7 46.
e7 Kg6 47. Kxb7 Kf7 48. Kxc6 Kxe7 49. Kxd5 Kd7 50. b5 Kc7 51. b6+ Kb7 52. e4 Nh5 53.
e5 Nf4+ 54. Kd6 Nd3 55. e6 Nf4 56. e7 Ng6 57. e8=Q 1-0

[Event "*** SCC Grand Prix: Titled Tuesday Blitz"]
[Site "Chess.com"]
[Date "2020.06.09"]
[Round "2"]
[White "MFBerna"]
[Black "Bhagya_2312"]
[Result "1-0"]
[WhiteElo "2424"]
[BlackElo "2130"]
[TimeControl "180+1"]
[EndTime "9:19:01 PDT"]
[Termination "MFBerna won on time"]

1. d4 d5 2. c4 e6 3. Nc3 Be7 4. cxd5 exd5 5. Bf4 c6 6. e3 Bf5 7. Bd3 Bxd3 8. Qxd3 Nf6 9. Nge2 O-O 10. O-O Nbd7 11.
h3 Re8 12. f3 Nb6 13. e4 c5 14. e5 Nfd7 15. Kh1 c4 16. Qd2 Nf8 17. Bh2 Qd7 18. f4 f5 19. exf6 Bxf6 20. Rae1 Na4 21. f5 Nxc3 22.
bxc3 b5 23. g4 h6 24. Nf4 Bg5 25. Qg2 Bxf4 26. Bxf4 Nh7 27. Re5 Nf6 28. Rfe1 Ne4 29. Qf3 a5 30. Kg2 b4 31. cxb4 axb4 32. Re2 c3 33. Qd3 Rxe5 34. dxe5 Qc6 35. Kh2 Nc5 36. Qd4 Ne4 37. e6 c2 38. Rf2 c1=Q 39. Bxc1 Qxc1 40. Qxd5 Qc7+ 41. Kg2 Rd8 42. Qxe4 Qc3 43. Re2 Qf6 44. e7 Re8 45. Qe6+ 1-0

[Event "*** SCC Grand Prix: Titled Tuesday Blitz"]
[Site "Chess.com"]
[Date "2020.06.09"]
[Round "2"]
[White "pastouche06"]
[Black "tigra"]
[Result "0-1"]
[WhiteElo "2473"]
[BlackElo "2719"]
[TimeControl "180+1"]
[EndTime "9:19:03 PDT"]
[Termination "tigra won by resignation"]

1. d4 Nf6 2. c4 g6 3. Nc3 d6 4.
e4 Bg7 5. Be2 O-O 6. Nf3 e5 7.
d5 Nbd7 8. Be3 Ng4 9. Bg5 f6 10. Bd2 c5 11. dxc6 bxc6 12. h3 Nh6 13. Bxh6 Bxh6 14.
Qxd6 Qb6 15. Rb1 Rd8 16. O-O Bf8 17. Qd2 Nc5 18. Qc2 a5 19. Rfd1 Be6 20. b3 Bf7 21.
Rxd8 Rxd8 22. Rd1 Rb8 23. Ne1 Ne6 24. Na4 Qa7 25. c5 Nd4 26. Qd2 Bxc5 27. Nxc5 Qxc5 28. Nd3 Qa3 29. Bf1 a4 30. bxa4 Qxa4 31. Rc1 Qxa2 32.
Qc3 Rb1 33. Rxb1 Qxb1 34. Qd2 Bc4 35. Nc1 Bxf1 36. Kxf1 Kf7 37. g3 g5 38. Kg2 h5 39.
Qc3 g4 40. hxg4 hxg4 41. Qc4+ Kg7 42. Nd3 Nf3 43. Nc1 Qa1 44. Qxc6 Kg6 45. Qd7 Qxc1 46. Qxg4+ Ng5 47. Qf3 Nxf3 0-1

[Event "*** SCC Grand Prix: Titled Tuesday Blitz"]
[Site "Chess.com"]
[Date "2020.06.09"]
[Round "2"]
[White "nihalsarin"]
[Black "Bykov_Egor"]
[Result "1-0"]
[WhiteElo "3011"]
[BlackElo "2612"]
[TimeControl "180+1"]
[EndTime "9:19:04 PDT"]
[Termination "nihalsarin won by resignation"]

1. d4 Nf6 2. Bg5 d5 3. e3 c5 4. Bxf6 gxf6 5. dxc5 e6 6. c4 dxc4 7. Nd2 Bxc5 8. Bxc4 a6 9. Rc1 Bb4 10. Nf3 b5 11. Be2 Bb7 12. O-O Nd7 13. a4 Rg8 14. axb5 axb5 15. g3 Kf8 16. Qb3 Qa5 17. Ra1 Qxa1 18.
Qxb4+ Kg7 19. Rxa1 Rxa1+ 20. Kg2 Ne5 21. e4 Ng6 22.
Qxb5 Ba6 23. Qxa6 Rxa6 24. Bxa6 Rb8 25. b3 f5 26. exf5 exf5 27. Bc4 Kf6 28. Nf1 f4 29. N1d2 fxg3 30. hxg3 h6 31. Ne4+ Ke7 32. Nd4 Ne5 33. Nf5+ Kf8 34. Nxh6 Nxc4 35. bxc4 Rb4 36. Nd6 f6 37.
Nhf5 Rb2 38. c5 Rc2 39. Nd4 Rc3 40. c6 Ke7 41. N6b5 Rc4 42. c7 Kd7 43. Nf5 Rc5 44. Nfd6 Rxc7 45. Nxc7 1-0

[Event "*** SCC Grand Prix: Titled Tuesday Blitz"]
[Site "Chess.com"]
[Date "2020.06.09"]
[Round "2"]
[White "bsnsun"]
[Black "shineatchess"]
[Result "1-0"]
[WhiteElo "2453"]
[BlackElo "2215"]
[TimeControl "180+1"]
[EndTime "9:19:06 PDT"]
[Termination "bsnsun won on time"]

1. Nf3 Nf6 2. c4 c6 3. g3 d5 4.
Bg2 Bg4 5. O-O Nbd7 6. cxd5 cxd5 7. d4 e6 8. Nc3 Bxf3 9. Bxf3 Bd6 10. Bd2 O-O 11.
e3 Nb6 12. Qb3 Nc4 13. Rfd1 Qe7 14. Be1 a6 15. Rac1 h5 16. h4 b5 17. Qc2 Rac8 18. Qe2 g6 19. e4 dxe4 20. Nxe4 Nxe4 21. Bxe4 Rfe8 22. Bc3 b4 23. Bxb4 Bxb4 24. Rxc4 Rxc4 25. Qxc4 a5 26. d5 exd5 27. Bxd5 Qf6 28. Kg2 Kg7 29.
a3 Bf8 30. b4 axb4 31. axb4 Rd8 32. Rc1 Rd7 33. b5 Qb6 34. Bc6 Rc7 35. Qc3+ Kg8 36.
Qe5 Qb8 37. Re1 Bg7 38. Qd5 Bf8 39. Re8 Qb6 40. Re2 Qc5 41. Qf3 Qb4 42. Qd5 Qc5 43.
Qe4 Qb4 44. Bd5 Qd6 45. Qd4 Re7 46. Rd2 1-0

[Event "*** SCC Grand Prix: Titled Tuesday Blitz"]
[Site "Chess.com"]
[Date "2020.06.09"]
[Round "2"]
[White "ZverevLev"]
[Black "ajian"]
[Result "1-0"]
[WhiteElo "2255"]
[BlackElo "2444"]
[TimeControl "180+1"]
[EndTime "9:19:07 PDT"]
[Termination "ZverevLev won by resignation"]

1. e4 c5 2. Nf3 Nc6 3. d4 cxd4 4. Nxd4 Nf6 5. Nc3 e5 6. Ndb5 d6 7. Bg5 a6 8. Na3 b5 9. Bxf6 gxf6 10. Nd5 f5 11. g3 fxe4 12. Bg2 Bf5 13. O-O Bg7 14. f3 e3 15. Nxe3 Qb6 16. Re1 O-O 17. Kh1 Be6 18.
c3 Rad8 19. Nd5 Qc5 20. f4 a5 21. Nc2 f5 22. Nce3 e4 23. Rc1 Qa7 24. b4 Ne7 25. Nxe7+ Qxe7 26. Nd5 Qf7 27. Ne3 d5 28. Nc2 Rc8 29.
Nd4 Rc4 30. bxa5 b4 31. Nxe6 Qxe6 32. cxb4 Rxb4 33. Rc7 Rfb8 34. a6 d4 35. a7 Ra8 36.
Qb1 Rxb1 37. Rxb1 Bf8 38. Bf1 Qd6 39. Bc4+ Kh8 40. Rb8 Qxc7 41. Rxa8 Kg7 42. Kg2 Qxc4 43. Rxf8 Qc2+ 44. Kh3 Qxa2 45. a8=Q Qxa8 46. Rxa8 d3 47. Ra7+ Kg6 48. Kg2 Kh5 49. Rxh7+ Kg6 50. Rd7 e3 51. Rxd3 1-0

[Event "*** SCC Grand Prix: Titled Tuesday Blitz"]
[Site "Chess.com"]
[Date "2020.06.09"]
[Round "2"]
[White "jonaszmb"]
[Black "novocane"]
[Result "1/2-1/2"]
[WhiteElo "2429"]
[BlackElo "2200"]
[TimeControl "180+1"]
[EndTime "9:19:07 PDT"]
[Termination "Game drawn by repetition"]

1. e4 c5 2. Nf3 Nc6 3. Nc3 e5 4. Bc4 d6 5. d3 Be7 6. O-O Nf6 7. Bg5 O-O 8. a3 Be6 9. h3 Nd4 10. Bxf6 Bxf6 11. Nxd4 cxd4 12. Nd5 Bg5 13. Qh5 g6 14. Qf3 Kg7 15. Rae1 Qd7 16. Qg3 Bd8 17. f4 Bxd5 18.
Bxd5 Bf6 19. f5 Qe7 20. Kh1 Bg5 21. Qf3 f6 22. g3 Be3 23. h4 g5 24. h5 h6 25. c4 Rfc8 26. b4 Rc7 27. Kg2 Rac8 28.
Rxe3 dxe3 29. Qxe3 b5 30. Be6 bxc4 31. Bxc8 Rxc8 32.
Rc1 c3 33. d4 Qc7 34. dxe5 dxe5 35. Rc2 a6 36. a4 Qc4 37. b5 axb5 38. axb5 Qxb5 39.
Qa7+ Kh8 40. Qf7 Qc6 41. Kf3 Rd8 42. Ra2 Rd3+ 43. Kf2 Rd2+ 44. Rxd2 cxd2 45. Qf8+ Kh7 46. Qf7+ Kh8 47. Qf8+ Kh7 48. Qf7+ Kh8 1/2-1/2

[Event "*** SCC Grand Prix: Titled Tuesday Blitz"]
[Site "Chess.com"]
[Date "2020.06.09"]
[Round "2"]
[White "topotun"]
[Black "Paralinch"]
[Result "1-0"]
[WhiteElo "2612"]
[BlackElo "2856"]
[TimeControl "180+1"]
[EndTime "9:19:09 PDT"]
[Termination "topotun won by resignation"]

1. e4 c5 2. Nf3 e6 3. d4 cxd4 4. Nxd4 Nf6 5. Nc3 Nc6 6. a3 e5 7. Nf5 d5 8. exd5 Bxf5 9. dxc6 bxc6 10. Qxd8+ Rxd8 11. Be3 Rd7 12. Bd3 Bxd3 13. cxd3 Be7 14. Ke2 O-O 15. Rac1 Rb8 16. Na4 Rc7 17. Rc4 Nd5 18.
Rhc1 Rbc8 19. Nc5 Bxc5 20. Rxc5 Kf8 21. b4 Ke7 22. Ra5 Kd7 23. Bxa7 Ra8 24. Bc5 Re8 25. g3 f5 26. Kd2 e4 27. Re1 g5 28. Bd4 Rb7 29. dxe4 fxe4 30. Ra6 h5 31. h3 h4 32. Rg1 Re7 33. gxh4 gxh4 34. Rg4 Nc7 35. Ra5 Nb5 36. Bc5 Rf7 37. Rxe4 Kc8 38. Rxh4 Rbd7+ 39. Ke1 Kb7 40. Be3 Rde7 41. a4 Nc3 42. Ra7+ Kc8 43. Rxe7 Rxe7 44.
Rc4 Nxa4 45. Rxc6+ Kd7 46. Ra6 Nc3 47. Ra7+ Ke6 48.
Rxe7+ Kxe7 49. Kd2 Nd5 50. b5 Kd6 51. h4 Nf6 52.
Bd4 Ng4 53. h5 Kd5 54. b6 Kc6 55. f3 Nh6 56. Kd3 Nf5 57. Be3 Kb7 58. h6 1-0

[Event "*** SCC Grand Prix: Titled Tuesday Blitz"]
[Site "Chess.com"]
[Date "2020.06.09"]
[Round "2"]
[White "snap_man"]
[Black "sasko1234"]
[Result "1/2-1/2"]
[WhiteElo "2297"]
[BlackElo "2475"]
[TimeControl "180+1"]
[EndTime "9:19:09 PDT"]
[Termination "Game drawn by repetition"]

1. e4 d6 2. d4 Nf6 3. Nc3 c6 4. f4 Qa5 5. Bd3 e5 6. Nf3 Bg4 7. Be3 Nbd7 8. h3 Bh5 9. g4 exf4 10. Bxf4 Bg6 11. Qe2 O-O-O 12. O-O-O d5 13. exd5 Nxd5 14.
Nxd5 Qxd5 15. c4 Qa5 16. Kb1 Bxd3+ 17. Qxd3 h6 18. Ne5 Nxe5 19. Qf5+ Rd7 20. dxe5 Qd8 21.
Kc2 g6 22. Qf6 Qxf6 23. exf6 Rxd1 24. Rxd1 h5 25. g5 Bc5 26. Re1 Kd7 27. a3 Re8 28. Rd1+ Kc8 29. b4 Bb6 30. c5 Bc7 31. Bxc7 Kxc7 32.
Rd3 Re5 33. h4 b6 34. cxb6+ axb6 35. Rd4 c5 36. bxc5 bxc5 37. Ra4 Kb7 38. Kd3 Rd5+ 39. Ke4 Rd1 40. Ke5 Kc6 41. Ra6+ Kb7 42. Ra5 Kb6 43.
Ra4 Kc6 44. Ra6+ Kb7 45. Ra5 Kc6 46. Ra6+ 1/2-1/2